Map: 프록시마 정거장 - 래더

Players

Stats - Winner!

  • Race: Protoss Protoss
  • Spawn Location: 1:00

TYTY (TY)

  • Race: Terran Terran
  • Spawn Location: 7:00

Event: IEM XI Katowice - World Championship 2017

VOD

Have the link to the VOD?

Description

Time

  • Played on: March 2, 2017, 1:27 a.m.
  • Length: 20:44

All games in this series

Show
View Real Time Build Order
Export as new Build Order

Stats Protoss - Winner!

Build Orders: 1 Gate Expand, Colossus Rush 

Get SALT Encoding   

  12  0:00  Probe (Chrono Boost)  
  13  0:11  Probe (Chrono Boost)  
  14  0:17  Pylon  
  14  0:21  Probe (Chrono Boost)  
  15  0:35  Probe (Chrono Boost)  
  16  0:36  Gateway  
  16  0:45  Probe (Chrono Boost)  
  16  0:46  Assimilator  
  17  0:56  Probe (Chrono Boost)  
  18  1:07  Probe (Chrono Boost)  
  19  1:17  Probe (Chrono Boost)  
  20  1:25  Nexus  
  20  1:33  Cybernetics Core  
  20  1:35  Probe (Chrono Boost)  
  21  1:42  Assimilator  
  21  1:45  Probe (Chrono Boost)  
  22  1:51  Pylon  
  22  1:56  Probe (Chrono Boost)  
  23  2:09  Adept  
  23  2:10  Mothership Core (Chrono Boost)  
  27  2:17  Warp Gate  
  27  2:29  Probe (Chrono Boost)  
  28  2:39  Probe x2 (Chrono Boost)  
  28  2:42  Adept  
  28  2:43  Robotics Facility  
  32  2:51  Pylon  
  32  2:56  Probe (Chrono Boost)  
  32  2:57  Probe (Chrono Boost)  
  34  3:06  Adept, Probe (Chrono Boost)  
  34  3:09  Probe (Chrono Boost)  
  37  3:23  Probe (Chrono Boost)  
  37  3:25  Probe (Chrono Boost)  
  37  3:26  Gateway  
  39  3:27  Gateway  
  39  3:28  Observer  
  36  3:42  Probe (Chrono Boost)  
  36  3:44  Probe (Chrono Boost)  
  40  3:56  Probe (Chrono Boost)  
  40  3:57  Probe (Chrono Boost)  
  40  4:00  Observer  
  41  4:05  Pylon  
  41  4:06  Probe (Chrono Boost)  
  41  4:09  Probe (Chrono Boost)  
  41  4:18  Probe (Chrono Boost)  
  41  4:19  Probe (Chrono Boost)  
  43  4:25  Stalker x3  
  43  4:29  Probe (Chrono Boost)  
  43  4:30  Probe (Chrono Boost)  
  51  4:41  Probe x2 (Chrono Boost)  
  51  4:42  Pylon  
  51  4:44  Assimilator  
  53  4:47  Assimilator  
  53  4:51  Observer  
  53  4:52  Robotics Bay, Probe x2 (Chrono Boost)  
  56  4:54  Pylon  
  56  5:03  Probe x2 (Chrono Boost)  
  58  5:13  Probe x2 (Chrono Boost)  
  60  5:15  Observer  
  60  5:19  Pylon  
  61  5:26  Nexus  
  61  5:28  Pylon  
  61  5:29  Probe x2 (Chrono Boost)  
  61  5:35  Colossus  
  63  5:41  Pylon  
  69  5:55  Stalker x3  
  70  5:57  Extended Thermal Lance  
  70  6:03  Probe x2 (Chrono Boost)  
  67  6:15  Probe x2 (Chrono Boost)  
  69  6:21  Colossus  
  69  6:27  Probe x2 (Chrono Boost)  
  77  6:39  Probe x2 (Chrono Boost)  
  77  6:41  Probe (Chrono Boost)  
  77  6:42  Pylon x2  
  77  6:44  Sentry x3  
  84  6:51  Probe x3 (Chrono Boost)  
  87  7:02  Pylon  
  87  7:05  Pylon, Probe (Chrono Boost)  
  87  7:06  Probe x2 (Chrono Boost)  
  87  7:08  Colossus  
  90  7:09  Stalker  
  90  7:10  Zealot x2  
  96  7:20  Probe (Chrono Boost)  
  96  7:21  Probe x2 (Chrono Boost)  
  105  7:24  Pylon  
  105  7:27  Twilight Council  
  105  7:33  Stalker x3  
  110  7:44  Probe (Chrono Boost)  
  113  7:45  Probe x2 (Chrono Boost)  
  113  7:48  Gateway  
  113  7:49  Gateway  
  113  7:52  Blink  
  113  7:57  Stalker x2  
  113  7:58  Adept  
  119  7:59  Pylon  
  119  8:00  Observer  
  119  8:05  Pylon  
  123  8:13  Assimilator x2, Probe (Chrono Boost)  
  123  8:14  Probe x2 (Chrono Boost)  
  123  8:16  Warp Prism  
  123  8:24  Adept x3  
  131  8:29  Robotics Facility  
  131  8:35  Pylon  
  131  8:46  Forge  
  131  8:47  Forge  
  131  8:50  Disruptor, Pylon  
  131  8:53  Pylon  
  131  8:54  Gateway  
  131  8:55  Pylon, Gateway  
  134  8:58  Adept  
  136  9:04  Adept x3  
  136  9:07  Adept  
  144  9:12  Protoss Ground Armor Level 1, Disruptor, Protoss Ground Weapons Level 1  
  147  9:25  Adept  
  147  9:27  Adept x4  
  147  9:30  Disruptor  
  159  9:40  Resonating Glaives  
  151  10:01  Pylon  
  151  10:05  Stalker x2  
  151  10:06  Adept x4, Stalker  
  163  10:07  Disruptor x2  
  169  10:20  Nexus  
  169  10:21  Pylon  
  169  10:26  Pylon  
  168  10:36  Adept x2  
  168  10:37  Adept x4  
  168  10:38  Adept  
  168  10:42  Dark Shrine  
  180  10:52  Disruptor, Protoss Ground Armor Level 2, Protoss Ground Weapons Level 2  
  180  10:54  Observer  
  184  11:05  Adept x7  
  196  11:15  Warp Prism  
  195  11:33  Adept x2  
  195  11:38  Assimilator  
  197  11:43  Assimilator  
  193  11:47  Photon Cannon  
  193  11:49  Photon Cannon  
  193  11:52  Stalker  
  197  11:55  Adept, Mothership Core (Chrono Boost)  
  197  12:00  Dark Templar x2, Adept  
  184  12:13  Stalker x2  
  180  12:27  Stalker x2  
  137  12:43  Adept x4  
  137  12:49  Probe (Chrono Boost), Colossus x2  
  137  12:50  Probe (Chrono Boost)  
  137  12:51  Probe x2 (Chrono Boost)  
  153  12:58  Stalker x2  
  150  13:08  Adept x2  
  152  13:19  Stalker x2  
  150  13:24  Stalker x2  
  143  13:42  Adept x3  
  149  13:54  Adept x2  
  149  13:55  Adept  
  155  14:04  Assimilator  
  143  14:11  Warp Prism  
  143  14:15  Sentry x2  
  143  14:16  Sentry x4  
  145  14:37  Probe (Chrono Boost)  
  149  14:38  Probe (Chrono Boost)  
  149  14:39  Probe x2 (Chrono Boost)  
  149  14:41  Templar Archives  
  149  14:42  Stalker x3  
  149  14:43  Stalker  
  157  14:58  Dark Templar x2  
  163  15:01  Mothership Core (Chrono Boost)  
  163  15:06  Adept x3  
  152  15:26  Stalker x4  
  124  15:40  Dark Templar x2  
  126  15:47  Colossus  
  126  15:52  Stalker x4  
  126  15:54  Colossus  
  140  16:17  Probe x2 (Chrono Boost)  
  140  16:18  High Templar x4  
  148  16:19  Adept x2  
  152  16:45  Stalker x2  
  156  16:53  Adept x2, Stalker x2  
  164  17:14  Pylon  
  164  17:15  Pylon  
  164  17:17  Pylon  
  164  17:22  Cybernetics Core  
  160  17:35  Dark Templar x4  
  149  17:58  Gateway  
  149  18:00  Gateway  
  149  18:02  Gateway  
  149  18:05  Gateway  
  147  18:07  Dark Templar x3  
  147  18:08  Dark Templar  
  147  18:11  Templar Archives  
  147  18:12  Shadow Stride  
  143  18:43  Nexus  
  143  18:44  Dark Templar x2, Pylon  
  143  18:45  Zealot, Stalker  
  143  18:47  Psionic Storm, Archon x2  
  151  18:48  Archon  
  149  18:59  Pylon  
  149  19:00  Pylon  
  149  19:01  Pylon  
  149  19:08  Stalker x2  
  149  19:09  Adept, Stalker  
  157  19:22  Adept x4  
  165  19:27  Robotics Facility  
  165  19:44  Adept x3  
  165  19:45  Adept x4  
  171  19:56  Adept  
  171  20:03  Assimilator  
  171  20:06  Stalker x3  
  177  20:07  Assimilator  
  177  20:18  Adept x2  
  143  20:38  Adept x5  
  143  20:39  Adept x3  
Show
View Real Time Build Order
Export as new Build Order

TYTY Terran 

Build Orders: Liberator Opening, Reaper Expand, MMM Bio 

Get SALT Encoding   

  12  0:00  SCV  
  13  0:12  SCV  
  14  0:19  Supply Depot  
  14  0:25  SCV  
  14  0:28  Refinery  
  15  0:40  SCV  
  16  0:45  Barracks  
  16  0:52  SCV  
  17  1:04  SCV  
  18  1:16  SCV  
  19  1:31  Orbital Command  
  19  1:32  Reaper  
  20  1:47  Command Center  
  20  1:59  Factory  
  20  2:03  SCV  
  21  2:09  Supply Depot  
  21  2:12  Barracks Reactor  
  21  2:15  SCV  
  22  2:23  Refinery  
  22  2:27  SCV  
  23  2:39  SCV  
  24  2:47  Starport  
  24  2:48  Marine x2  
  26  2:51  SCV  
  26  2:52  Widow Mine  
  26  2:55  Supply Depot  
  29  3:02  Orbital Command  
  29  3:06  Marine  
  29  3:09  Marine  
  31  3:21  Cyclone  
  34  3:27  Marine  
  34  3:32  Medivac  
  34  3:34  SCV  
  37  3:37  SCV  
  38  3:46  SCV  
  40  3:49  SCV  
  40  3:51  Supply Depot  
  38  3:56  Liberator  
  38  3:58  Barracks Reactor  
  38  4:13  SCV x2  
  38  4:14  Widow Mine  
  45  4:19  Barracks  
  45  4:22  Barracks  
  45  4:25  SCV  
  45  4:28  Supply Depot x2  
  45  4:30  SCV  
  44  4:36  Marine x2  
  44  4:37  SCV  
  46  4:45  Factory Tech Lab  
  46  4:49  SCV  
  46  4:52  SCV  
  48  4:53  Marine  
  48  4:54  Marine  
  50  5:01  SCV  
  50  5:04  SCV  
  50  5:07  Barracks Tech Lab  
  52  5:09  Command Center  
  52  5:10  Barracks Tech Lab  
  52  5:11  Marine x2  
  52  5:13  Starport Reactor  
  52  5:14  SCV  
  55  5:18  Supply Depot  
  55  5:20  SCV, Engineering Bay  
  56  5:26  SCV  
  56  5:27  Stimpack  
  57  5:29  Marine, Marauder  
  57  5:30  Marauder  
  57  5:34  Supply Depot  
  62  5:39  SCV  
  63  5:43  SCV  
  64  5:51  SCV  
  64  5:55  Marine x2, Marauder  
  64  5:56  Liberator, Marauder, Medivac  
  73  5:58  SCV  
  73  6:03  SCV  
  75  6:04  Terran Infantry Weapons Level 1, Refinery  
  75  6:05  Refinery  
  72  6:16  SCV x2  
  78  6:22  Supply Depot  
  78  6:24  Orbital Command  
  75  6:26  Marine x2  
  75  6:28  Barracks  
  75  6:29  Barracks, Factory Reactor  
  75  6:31  Marine x2  
  79  6:42  Refinery  
  79  6:44  Marine x2  
  81  6:47  Combat Shields, SCV  
  81  6:50  Supply Depot, SCV  
  81  6:51  SCV  
  84  6:57  Marauder x2, Medivac  
  84  6:59  SCV  
  91  7:03  SCV  
  91  7:05  Marine x2, Widow Mine x2  
  91  7:08  SCV  
  98  7:11  SCV  
  98  7:15  SCV, Starport  
  100  7:17  Barracks Tech Lab, Barracks Reactor  
  100  7:20  SCV  
  100  7:23  SCV  
  100  7:27  SCV  
  100  7:28  Marine  
  109  7:34  Supply Depot  
  109  7:35  Supply Depot  
  109  7:38  SCV  
  109  7:43  Viking x2, SCV  
  109  7:45  Supply Depot  
  109  7:46  Supply Depot  
  109  8:00  Viking  
  109  8:03  Terran Infantry Armor Level 1, Supply Depot  
  111  8:07  Marine  
  111  8:08  Marine x2, Marauder x3  
  111  8:10  Supply Depot  
  111  8:11  Missile Turret  
  120  8:12  Viking  
  120  8:13  Viking  
  120  8:15  Marine, Missile Turret  
  120  8:17  Viking  
  120  8:19  SCV  
  128  8:20  SCV  
  128  8:21  SCV  
  128  8:23  Supply Depot  
  128  8:25  Marine  
  128  8:26  Supply Depot  
  130  8:32  Viking  
  132  8:35  Marine  
  132  8:36  Marine x2, Marauder  
  139  8:42  Viking  
  139  8:45  Armory, Viking, Engineering Bay  
  144  8:55  Command Center  
  144  8:57  Viking  
  144  8:59  Marine  
  144  9:00  Marauder x3  
  144  9:01  Marine x2  
  144  9:02  Marine  
  153  9:06  Viking  
  155  9:14  Viking  
  155  9:16  Sensor Tower  
  155  9:17  Viking  
  157  9:18  Missile Turret  
  157  9:19  Ghost Academy  
  155  9:25  Marine x2  
  155  9:26  Marauder x2  
  161  9:36  Terran Infantry Weapons Level 2  
  161  9:41  Marine x3  
  161  9:43  Marine  
  168  9:47  Marine x3, SCV x2  
  168  9:52  Liberator x4  
  172  9:59  Marine x2  
  173  10:00  Marine  
  173  10:05  Supply Depot  
  173  10:06  Supply Depot  
  173  10:07  Marine  
  173  10:08  Supply Depot  
  182  10:14  Planetary Fortress  
  182  10:27  Marine x3, Marauder x2  
  189  10:31  Barracks  
  189  10:32  Barracks  
  189  10:36  Liberator  
  189  10:41  Marine  
  189  10:42  Liberator, Marauder  
  192  10:45  Marine  
  192  10:49  Marauder  
  191  10:52  Marine x2, Marauder  
  198  10:59  Marine  
  199  11:11  Terran Ship Weapons Level 1, Terran Infantry Armor Level 2  
  199  11:13  Liberator  
  197  11:21  Barracks Tech Lab  
  197  11:22  Barracks Tech Lab  
  195  11:34  Marine  
  195  11:35  Marauder x2  
  200  11:40  Marine x2  
  194  11:57  Liberator x2  
  191  12:06  Marine x2, Marauder x2  
  184  12:11  Liberator x2  
  190  12:17  Marine, Marauder  
  186  12:29  Marine x5, Marauder x2  
  185  12:34  Marine  
  154  12:38  Marine  
  154  12:39  Liberator  
  154  12:42  Refinery  
  122  12:44  Refinery  
  122  12:47  Marine x5  
  122  12:50  Marine x2  
  121  12:52  Marine  
  121  12:56  Marine  
  121  12:57  Medivac  
  120  13:00  Liberator  
  120  13:01  Liberator  
  120  13:04  Marine x2  
  120  13:05  Marine, SCV  
  115  13:07  Marine x2  
  115  13:08  Marine x2  
  115  13:09  SCV x2  
  117  13:14  Marine x2  
  117  13:15  SCV  
  117  13:17  SCV  
  116  13:21  Liberator, SCV x2  
  116  13:22  Marine x2  
  116  13:26  Marine, Marauder x2  
  124  13:27  SCV  
  124  13:33  SCV x2  
  120  13:36  Barracks x2  
  120  13:37  Barracks  
  113  13:41  Barracks Tech Lab  
  110  13:50  Marine x4  
  110  13:51  Marauder x2  
  110  13:52  Medivac  
  120  13:56  SCV x2  
  120  13:57  SCV  
  120  14:00  Medivac  
  119  14:05  Medivac  
  119  14:08  Marine x2, Marauder, SCV  
  124  14:12  Marauder  
  124  14:13  SCV  
  124  14:14  SCV  
  120  14:20  SCV  
  121  14:27  Barracks Tech Lab x2  
  116  14:35  Viking x4  
  121  14:43  Marine x2, Marauder x2  
  121  14:44  Marauder  
  121  14:45  Barracks Reactor  
  126  14:54  Marine  
  126  14:55  Marauder x2  
  126  14:58  Barracks Tech Lab  
  131  15:05  Viking  
  121  15:22  Viking x2  
  121  15:23  Marauder  
  120  15:31  Marine, Marauder  
  120  15:32  Marauder  
  119  15:39  Marine x4  
  123  15:47  SCV x2  
  116  15:54  Marine  
  119  16:02  SCV  
  118  16:08  Terran Infantry Weapons Level 3, SCV  
  118  16:09  SCV  
  115  16:14  SCV  
  116  16:21  SCV  
  117  16:26  Marine  
  117  16:27  Marine x3, Marauder x2  
  117  16:32  Marine x2, Marauder  
  131  16:48  Marine x3, Marauder  
  134  17:06  Ghost x3  
  136  17:19  Marine, Command Center  
  136  17:20  Marine x2  
  130  17:33  Viking x3  
  131  17:43  Viking  
  124  17:53  Marine  
  124  17:54  Marine x3, Marauder x2  
  124  17:56  Concussive Shells  
  130  18:03  Viking  
  126  18:15  Marine x2  
  125  18:23  Medivac  
  125  18:25  Orbital Command  
  105  18:30  Marauder  
  97  18:43  Orbital Command  
  97  18:44  Marine  
  97  18:45  Marauder x2  
  93  19:11  Marauder x2  
  97  19:17  Marine x2  
  97  19:20  Marine  
  97  19:21  Marine  
  99  19:27  Marauder  
  101  19:35  Orbital Command  
  101  19:36  Marine x2, Marauder x2  
  101  19:37  Viking  
  101  19:38  Marauder  
  106  19:47  Marine x2  
  107  19:54  Viking x2  
  107  19:56  Viking  
  107  19:57  Marine x2  
  113  20:00  Marine  
  113  20:03  Ghost x2  
  116  20:10  Viking  
  107  20:21  Marine x4  

Tags
 
Add a new tag
Caveats
  • Supply blocks, unpowered buildings, or Contaminate may cause inaccurate times.
  • Supply counts are checked every 10 seconds.